 Dungeon Crawl Stone Soup version 0.27.1-34-g3ba077fa99 (webtiles) character file.

Game seed: 7654880099727525947

35 boopmooplesden the Shield-Bearer (level 3, -1/33 HPs)
             Began as a Minotaur Fighter on Jan 10, 2022.
             Slain by Sigmund (10 damage)
             ... on level 2 of the Dungeon.
             The game lasted 00:01:05 (1074 turns).

boopmooplesden the Shield-Bearer (Minotaur Fighter) Turns: 1074, Time: 00:01:06

Health: -1/33      AC:  7    Str: 21    XL:     3   Next: 16%
Magic:  2/2        EV: 11    Int:  5    God:
Gold:   28         SH:  9    Dex:  9    Spells: 2/2 levels left

rFire    . . .     SeeInvis .   a - +0 long sword
rCold    . . .     Faith    .   c - +0 kite shield
rNeg     . . .     Spirit   .   b - +0 scale mail
rPois    .         Reflect  .   (helmet restricted)
rElec    .         Harm     .   (no cloak)
rCorr    .         Rampage  .   (no gloves)
Will     .....                  (no boots)
Stlth    ..........             (no amulet)
HPRegen  0.11/turn              g - +4 ring of evasion
MPRegen  0.08/turn              (no ring)

@: mighty
A: horns 2, retaliatory headbutt
a: no special abilities


You were on level 2 of the Dungeon.
You visited 1 branch of the dungeon, and saw 2 of its levels.

You collected 28 gold pieces.

Inventory:

Hand Weapons
 a - a +0 long sword (weapon)
Armour
 b - a +0 scale mail (worn)
 c - a +0 kite shield (worn)
 e - a +0 chain mail
Jewellery
 g - a +4 ring of evasion (left hand)
 h - a ring of willpower
 j - an amulet of guardian spirit
Scrolls
 f - a scroll of identify {unknown}
 k - a scroll of noise {unknown}
 l - a scroll of teleportation {unknown}
Potions
 i - a potion of curing {unknown}


   Skills:
 + Level 4.1 Fighting
 + Level 2.8 Long Blades
 + Level 4.0 Armour
 + Level 0.2 Dodging
 + Level 4.2 Shields


You had 2 spell levels left.
You didn't know any spells.
Your spell library was empty.

Dungeon Overview and Level Annotations

Branches:
Dungeon (2/15)

Altars:

Annotations:
D:2 Sigmund


Innate Abilities, Weirdness & Mutations

You have a pair of horns on your head.
You reflexively headbutt those who attack you in melee.


Message History

You feel very mighty all of a sudden.
You closely miss the adder. You block the adder's attack. x2
You miss the adder. You block the adder's attack. The adder closely misses you.
You closely miss the adder. The adder bites you. The adder closely misses you.
You riposte.
You barely miss the adder. Your headbutt misses the adder.
You closely miss the adder. You block the adder's attack.
The adder closely misses you.
Your shield and scale mail prevent you from hitting the adder.
Your headbutt misses the adder. You block the adder's attack. x2
You barely miss the adder. You block the adder's attack.
Sigmund gestures wildly while chanting.
Sigmund flickers and vanishes!
The adder bites you but does no damage.
You closely miss the adder. You block the adder's attack.
The adder barely misses you. You furiously retaliate!
You headbutt the adder!
You kill the adder!
You have reached level 3!
Your experience leads to an increase in your attributes!
Increase (S)trength, (I)ntelligence, or (D)exterity?
You feel stronger.
The ball python bites you but does no damage.
The ball python barely misses you. Something hits you.
You block the ball python's attack. x2
You slash the ball python!
You kill the ball python!
Something hits you!
You see here a ball python corpse.
You miss something. Your headbutt misses something.
You block something's attack.
You slash something! Something hits you.
You closely miss something. You headbutt something!
You block something's attack.
You miss something. Something hits you.
You closely miss something. Something completely misses you.
You slash something!
You hear some strange, mumbled words.
A puff of flame appears from out of thin air!
The puff of flame hits you.
* * * LOW HITPOINT WARNING * * *
Something hits you!
You die...

#.....## #.......
###.#### .##
#############.# ....
...#.....SS..#
.....##.#.############
# #......# #..
#.#####.### #.#
#....@{.# #.#
######### ##.# ##...
##.#.# #.##.. ##.###
##... #..# #.#>


There were no monsters in sight!

Vanquished Creatures
  An adder (D:2)
  A dart slug (D:1)
  3 ball pythons
  4 endoplasms
  A giant cockroach (D:1)
  A goblin (D:1)
  3 kobolds (D:1)
  2 quokkas (D:1)
  A bat (D:2)
  5 rats (D:1)
22 creatures vanquished.

Notes
Turn   | Place    | Note
-------+----------+-------------------------------------------
     0 | D:1      | boopmooplesden the Minotaur Fighter began the quest for the
                  | Orb.
     0 | D:1      | Reached XP level 1. HP: 19/19 MP: 0/0
   111 | D:1      | Reached XP level 2. HP: 21/27 MP: 1/1
  1032 | D:2      | Noticed Sigmund
  1066 | D:2      | Reached XP level 3. HP: 27/33 MP: 2/2
  1074 | D:2      | Slain by Sigmund

Illustrated notes

Levels and vault maps discovered:
D:1:      amcnicky_arrival_flooded_fountain, layout_basic,
          serial_co_window_serial, co_window_of_opportunity_a,
          co_window_corner_a, co_window_corner_a, co_window_cross_1,
          co_window_corner_a, co_window_paths_b, co_window_corner_a,
          co_window_broadway_c, co_window_of_opportunity_b,
          co_window_of_opportunity_b, co_window_of_opportunity_b,
          co_window_broadway_b, glass_columns_a, glass_columns_b, minmay_cupped
D:2:      layout_loops_cross, minmay_between, uniq_sigmund, uniq_terence

Skill      XL: |  1  2 |
---------------+-------+-----
Fighting       | 4 |  4.1
Shields        | 4 |  4.2
Armour         | 4 |  4.0
Long Blades    | |  2.8
Dodging        | |  0.2

Action                   || total
-------------------------++-------
Melee: Long sword        ||    48
       Headbutt          ||     8
  Use: Potion            ||     1
Armor: Scale mail        ||    19
Dodge: Dodged            ||    21
Block: Kite shield       ||    35
       Rpst.: Long sword ||     6
